[Event "2nd Namma Bengaluru Open-A 2025"]
[Site "Bengaluru"]
[Date "2025.04.17"]
[Round "9.20"]
[White "Mehta Naitik R"]
[Black "Shahil Dey"]
[Result "1/2-1/2"]
[Annotator "RC"]
[ECO "C00"]
[WhiteElo "2227"]
[BlackElo "2360"]
[PlyCount "112"]
[EventDate "2025.04.10"]
[EventType "swiss"]
[EventCountry "IND"]
[SourceTitle "playchess.com"]
[Source "ChessBase"]
[SourceQuality "1"]
[TimeControl "5400+30"]

1. e4 c5 2. Nf3 e6 3. g3 Nc6 4. Qe2 e5 5. Bg2 Nf6 6. O-O Be7 7. c3 d6 8. Na3 O-O 9. d3 Re8 10. Nc4 Be6 11. Ne3 h6 12. Nh4 d5 13. Nhf5 Bf8 14. exd5 Nxd5 15. Nxd5 Bxf5 16. Be3 Kh8 17. Qd2 Qd7 18. f4 Rad8 19. Rae1 e4 20. dxe4 Bxe4 21. c4 f5 22. Rd1 Qf7 23. Qf2 b6 24. Bxe4 Rxe4 25. b3 Rde8 26. Rfe1 g6 27. Nc3 R4e6 28. Qf3 Bg7 29. Bf2 Nd4 30. Qd5 Rxe1+ 31. Rxe1 Rxe1+ 32. Bxe1 Qxd5 33. Nxd5 Nf3+ 34. Kf2 Nxh2 35. Ne7 Ng4+ 36. Ke2 Bf6 37. Nc8 Kg7 38. Nxa7 Kf7 39. a4 Ke6 40. a5 bxa5 41. Bxa5 g5 42. fxg5 hxg5 43. Nb5 Be5 44. Bb6 Nf6 45. Bxc5 Ne4 46. Bf2 Nxg3+ 47. Bxg3 Bxg3 48. Nd4+ Ke5 49. Nf3+ Kf6 50. b4 g4 51. Nd2 Ke5 52. c5 Kd5 53. Nf1 Bf4 54. Ne3+ Ke4 55. Nc4 Kd5 56. Ne3+ Ke5 1/2-1/2

[Event "2nd Namma Bengaluru Open-A 2025"]
[Site "Bengaluru"]
[Date "2025.04.17"]
[Round "9.21"]
[White "Aarav Sinha"]
[Black "Padmini, Rout"]
[Result "1-0"]
[Annotator "RC"]
[ECO "B51"]
[WhiteElo "2187"]
[BlackElo "2354"]
[PlyCount "65"]
[EventDate "2025.04.10"]
[EventType "swiss"]
[EventCountry "IND"]
[SourceTitle "playchess.com"]
[Source "ChessBase"]
[SourceQuality "1"]
[TimeControl "5400+30"]

1. e4 c5 2. Nf3 d6 3. Bb5+ Nd7 4. d4 cxd4 5. Qxd4 a6 6. Bxd7+ Bxd7 7. Nc3 e5 8. Qd3 h6 9. O-O Nf6 10. Nd2 b5 11. a4 b4 12. Nd5 Nxd5 13. exd5 f5 14. Nc4 Be7 15. Qg3 g5 16. b3 Kf7 17. Bb2 Rc8 18. f4 gxf4 19. Qh3 Kg6 20. Kh1 Kh7 21. Rae1 Rf8 22. Qd3 a5 23. Qe2 Rf7 24. Qd2 Rxc4 25. bxc4 Qc7 26. Qe2 Bf8 27. Ra1 Bc8 28. Rae1 Ba6 29. Qh5 Bg7 30. Rxf4 exf4 31. Re6 Bc8 32. Bxg7 Bxe6 33. Qxh6+ 1-0

[Event "2nd Namma Bengaluru Open-A 2025"]
[Site "Bengaluru"]
[Date "2025.04.17"]
[Round "9.22"]
[White "Sherla Prathamesh"]
[Black "Potawad Anirudhha"]
[Result "1-0"]
[Annotator "RC"]
[ECO "A05"]
[WhiteElo "2157"]
[BlackElo "2306"]
[PlyCount "133"]
[EventDate "2025.04.10"]
[EventType "swiss"]
[EventCountry "IND"]
[SourceTitle "playchess.com"]
[Source "ChessBase"]
[SourceQuality "1"]
[TimeControl "5400+30"]

1. Nf3 Nf6 2. b3 a5 3. Bb2 d5 4. g3 Bf5 5. Bg2 e6 6. a3 Be7 7. d3 c5 8. Nh4 Bg4 9. h3 Bh5 10. c4 Nc6 11. Nc3 d4 12. Nb5 O-O 13. g4 Nd7 14. Nf3 Bg6 15. h4 h5 16. g5 e5 17. Nd2 f5 18. e4 dxe3 19. fxe3 e4 20. dxe4 Nde5 21. O-O Qd3 22. exf5 Qxe3+ 23. Kh1 Ng4 24. Qe1 Rxf5 25. Rxf5 Bxf5 26. Bd5+ Kh7 27. Qxe3 Nxe3 28. Bxc6 bxc6 29. Re1 Rd8 30. Rxe3 Rxd2 31. Rxe7 Rxb2 32. Nd6 Bg6 33. Re3 Bc2 34. Re7 Rxb3 35. Ne8 Rh3+ 36. Kg2 Rxh4 37. Kf2 Rf4+ 38. Ke3 Rxc4 39. Kd2 Bf5 40. Rxg7+ Kh8 41. g6 Rd4+ 42. Kc3 Rd3+ 43. Kc4 Bxg6 44. Rxg6 Rd8 45. Nf6 h4 46. Kxc5 Rf8 47. Kxc6 h3 48. Ng4 Kh7 49. Rh6+ Kg7 50. Rxh3 Rf5 51. Ne3 Re5 52. Nc4 Rg5 53. Rb3 Kf6 54. Rb5 Rg4 55. Rc5 a4 56. Kb5 Ke6 57. Kxa4 Kd7 58. Kb5 Rg3 59. a4 Rb3+ 60. Ka6 Kd8 61. a5 Kd7 62. Ka7 Rb1 63. a6 Rb4 64. Nb6+ Kd6 65. Rc4 Rb1 66. Kb7 Rh1 67. Rc6+ 1-0

[Event "2nd Namma Bengaluru Open-A 2025"]
[Site "Bengaluru"]
[Date "2025.04.17"]
[Round "9.23"]
[White "Ajay Santhosh Parvathareddy"]
[Black "Ashwin Sairam"]
[Result "0-1"]
[Annotator "RC"]
[ECO "B07"]
[WhiteElo "2297"]
[BlackElo "2074"]
[PlyCount "50"]
[EventDate "2025.04.10"]
[EventType "swiss"]
[EventCountry "IND"]
[SourceTitle "playchess.com"]
[Source "ChessBase"]
[SourceQuality "1"]
[TimeControl "5400+30"]

1. e4 d6 2. d4 Nf6 3. Nc3 Nbd7 4. f4 e5 5. Be3 c6 6. Qf3 b5 7. O-O-O b4 8. Nce2 Qa5 9. Kb1 Nb6 10. h3 Be6 11. Nc1 d5 12. fxe5 dxe4 13. Qe2 Bc4 14. Qf2 Nfd5 15. Be2 Nc3+ 16. bxc3 Qa3 17. Bxc4 Nxc4 18. Nd3 bxc3 19. Bc1 Rb8+ 20. Ka1 Rb2 21. Bxb2 cxb2+ 22. Kb1 Qc3 23. a4 Qa3 24. c3 Qa1+ 25. Kc2 Qxa4+ 0-1

[Event "2nd Namma Bengaluru Open-A 2025"]
[Site "Bengaluru"]
[Date "2025.04.17"]
[Round "9.24"]
[White "Prakhar Tripathi"]
[Black "Vignesh B"]
[Result "1/2-1/2"]
[Annotator "RC"]
[ECO "C02"]
[WhiteElo "1932"]
[BlackElo "2191"]
[PlyCount "75"]
[EventDate "2025.04.10"]
[EventType "swiss"]
[EventCountry "IND"]
[SourceTitle "playchess.com"]
[Source "ChessBase"]
[SourceQuality "1"]
[TimeControl "5400+30"]

1. e4 e6 2. d4 d5 3. e5 c5 4. c3 Nc6 5. Nf3 Qb6 6. a3 Nh6 7. b4 cxd4 8. cxd4 Nf5 9. Bb2 Be7 10. Be2 Bd7 11. O-O f6 12. Bd3 g6 13. exf6 Bxf6 14. Bxf5 gxf5 15. Ne5 h5 16. Nc3 Qxd4 17. Nxd7 Kxd7 18. Nxd5 Qxb2 19. Nxf6+ Ke7 20. Nxh5 Rad8 21. Qf3 Ne5 22. Qg3 Rdg8 23. Qh4+ Kd7 24. Nf6+ Kc8 25. Qf4 Nf3+ 26. Qxf3 Qxf6 27. Rac1+ Kb8 28. Rfd1 Rd8 29. Rxd8+ Rxd8 30. Qf4+ e5 31. Qc4 a6 32. h3 e4 33. Qc7+ Ka8 34. b5 axb5 35. Qa5+ Kb8 36. Qc7+ Ka8 37. Qa5+ Kb8 38. Qc7+ 1/2-1/2

[Event "2nd Namma Bengaluru Open-A 2025"]
[Site "Bengaluru"]
[Date "2025.04.17"]
[Round "9.25"]
[White "Deepan Chakkravarthy J."]
[Black "Roy Chowdhury, Saptarshi"]
[Result "1-0"]
[Annotator "RC"]
[ECO "B31"]
[WhiteElo "2394"]
[BlackElo "2224"]
[PlyCount "79"]
[EventDate "2025.04.10"]
[EventType "swiss"]
[EventCountry "IND"]
[SourceTitle "playchess.com"]
[Source "ChessBase"]
[SourceQuality "1"]
[TimeControl "5400+30"]

1. e4 c5 2. Nf3 Nc6 3. Bb5 g6 4. O-O Bg7 5. Bxc6 bxc6 6. c3 Nh6 7. d4 cxd4 8. cxd4 f6 9. Nc3 O-O 10. h3 Nf7 11. Re1 d6 12. b3 Bd7 13. Bb2 e5 14. Rc1 Rb8 15. Qc2 Qc8 16. Rcd1 Bh6 17. Bc1 Bxc1 18. Qxc1 Qd8 19. Re2 Qe7 20. Qe3 Rb7 21. Red2 Bc8 22. Nh2 Qe8 23. f4 Re7 24. Nf3 exf4 25. Qxf4 f5 26. Re2 g5 27. Nxg5 Nxg5 28. Qxg5+ Rg7 29. Qh4 f4 30. Rf2 Qg6 31. Kh1 h6 32. Rg1 Kh7 33. Rf3 d5 34. exd5 cxd5 35. Ne2 Qe4 36. Qf2 Rgf7 37. Nc3 Qg6 38. Nxd5 Bb7 39. Nxf4 Qg5 40. Ne6 1-0

[Event "2nd Namma Bengaluru Open-A 2025"]
[Site "Bengaluru"]
[Date "2025.04.17"]
[Round "9.26"]
[White "Panda Sambit"]
[Black "Varun, Vij"]
[Result "0-1"]
[Annotator "RC"]
[ECO "D77"]
[WhiteElo "2391"]
[BlackElo "1978"]
[PlyCount "92"]
[EventDate "2025.04.10"]
[EventType "swiss"]
[EventCountry "IND"]
[SourceTitle "playchess.com"]
[Source "ChessBase"]
[SourceQuality "1"]
[TimeControl "5400+30"]

1. d4 Nf6 2. Nf3 g6 3. g3 Bg7 4. Bg2 O-O 5. O-O d5 6. c4 dxc4 7. a4 c5 8. Na3 Nc6 9. Ne5 cxd4 10. Nxc6 bxc6 11. Nxc4 Nd5 12. Bd2 Ba6 13. Rc1 c5 14. Re1 Rb8 15. e4 Nb4 16. Bf4 Rc8 17. Bh3 Rc6 18. Bf1 d3 19. b3 Na2 20. Qd2 Nxc1 21. Rxc1 Qd7 22. e5 Bxc4 23. Rxc4 g5 24. Bxg5 Bxe5 25. Bg2 Rd6 26. Rxc5 Bd4 27. Rc4 f6 28. Bf4 e5 29. Bh6 Re8 30. Be4 Bb6 31. a5 Bd8 32. Be3 f5 33. Bg2 e4 34. h4 a6 35. Bc5 Rd5 36. g4 Bxh4 37. Be3 f4 38. Bxf4 Qxg4 39. Be3 Qe2 40. Bxe4 Bxf2+ 41. Bxf2 Qxd2 42. Bxd5+ Kg7 43. Bd4+ Kg6 44. Rc6+ Kg5 45. Bf6+ Kf5 46. Bg2 Rg8 0-1

[Event "2nd Namma Bengaluru Open-A 2025"]
[Site "Bengaluru"]
[Date "2025.04.17"]
[Round "9.27"]
[White "Sathvik Adiga"]
[Black "Vignesh B"]
[Result "0-1"]
[Annotator "RC"]
[ECO "B06"]
[WhiteElo "2390"]
[BlackElo "2191"]
[PlyCount "110"]
[EventDate "2025.04.10"]
[EventType "swiss"]
[EventCountry "IND"]
[SourceTitle "playchess.com"]
[Source "ChessBase"]
[SourceQuality "1"]
[TimeControl "5400+30"]

1. e4 g6 2. d4 Bg7 3. Nc3 d6 4. Be3 a6 5. g4 h5 6. g5 b5 7. Bg2 e6 8. h4 Ne7 9. a4 b4 10. Nce2 d5 11. f3 O-O 12. Qd2 a5 13. Ng3 c5 14. N1e2 Nbc6 15. c3 Ba6 16. O-O cxd4 17. cxd4 e5 18. Rfd1 Bxe2 19. Nxe2 dxe4 20. d5 Nd4 21. Bxd4 exf3 22. Bxf3 exd4 23. d6 Nf5 24. Be4 Qxd6 25. Bxa8 Rxa8 26. Qf4 Qd5 27. Ng3 Nxg3 28. Qxg3 Re8 29. Re1 Re3 30. Qg2 Qe5 31. Qf2 Qe4 32. Rxe3 dxe3 33. Qg2 Qxh4 34. Rd1 Bd4 35. Kf1 Qf4+ 36. Ke1 h4 37. Ke2 Bxb2 38. Rd8+ Kg7 39. Qa8 Qf2+ 40. Kd3 Kh7 41. Re8 Qd2+ 42. Kc4 Qd4+ 43. Kb5 Qd3+ 44. Kxa5 b3 45. Re4 Bc3+ 46. Kb6 Qxe4 47. Qxe4 b2 48. Ka6 e2 49. Qxh4+ Kg8 50. Qh3 e1=Q 51. a5 Qe6+ 52. Ka7 Qxh3 53. a6 b1=Q 54. Ka8 Qf3+ 55. Ka7 Bd4# 0-1

[Event "2nd Namma Bengaluru Open-A 2025"]
[Site "Bengaluru"]
[Date "2025.04.17"]
[Round "9.28"]
[White "Ajay Karthikeyan"]
[Black "Ahaz E U"]
[Result "0-1"]
[Annotator "RC"]
[ECO "A03"]
[WhiteElo "2387"]
[BlackElo "2190"]
[PlyCount "84"]
[EventDate "2025.04.10"]
[EventType "swiss"]
[EventCountry "IND"]
[SourceTitle "playchess.com"]
[Source "ChessBase"]
[SourceQuality "1"]
[TimeControl "5400+30"]

1. b3 d5 2. Bb2 Nf6 3. e3 c6 4. f4 Bf5 5. Nf3 e6 6. Bd3 Bxd3 7. cxd3 Nbd7 8. O-O Be7 9. Nc3 O-O 10. Rc1 a5 11. d4 Bb4 12. Ne5 Bxc3 13. Bxc3 Ne4 14. Bb2 f6 15. Nd3 a4 16. b4 a3 17. Ba1 Qe7 18. Nc5 Nd6 19. d3 Rfc8 20. Bc3 Nf8 21. Bd2 b6 22. Na4 Qa7 23. Nc3 Qa6 24. Qe2 c5 25. dxc5 bxc5 26. bxc5 Rxc5 27. Rb1 Rac8 28. Rb3 R5c6 29. Nb1 Rc2 30. Rxa3 Qb5 31. Rb3 Qa6 32. Ra3 Qb5 33. Rb3 Qa6 34. Nc3 Ne4 35. dxe4 Qxe2 36. Nxe2 Rxd2 37. Nd4 dxe4 38. a4 Ra2 39. Rb4 h5 40. h3 Ra8 41. Rc1 R2xa4 42. Rxa4 Rxa4 0-1

[Event "2nd Namma Bengaluru Open-A 2025"]
[Site "Bengaluru"]
[Date "2025.04.17"]
[Round "9.29"]
[White "Sri Sai Baswanth P"]
[Black "Nguyen Van Huy"]
[Result "0-1"]
[Annotator "RC"]
[ECO "D11"]
[WhiteElo "2213"]
[BlackElo "2363"]
[PlyCount "88"]
[EventDate "2025.04.10"]
[EventType "swiss"]
[EventCountry "IND"]
[SourceTitle "playchess.com"]
[Source "ChessBase"]
[SourceQuality "1"]
[TimeControl "5400+30"]

1. c4 Nf6 2. g3 c6 3. Nf3 d5 4. d4 Bg4 5. Ne5 Bf5 6. Qb3 Qb6 7. Nc3 e6 8. c5 Qxb3 9. axb3 Nbd7 10. Nxd7 Nxd7 11. b4 e5 12. e3 Be7 13. Bg2 exd4 14. exd4 Bf6 15. Be3 O-O 16. O-O a6 17. Rfd1 g5 18. h3 Rfe8 19. Ra3 h5 20. Ne2 Nf8 21. Nc1 g4 22. hxg4 hxg4 23. Bf1 Ne6 24. Bd3 Bxd3 25. Raxd3 Kg7 26. Kg2 Rh8 27. Ne2 Rae8 28. Rh1 Rxh1 29. Kxh1 Ng5 30. Ng1 Kg6 31. Kg2 Re4 32. Rd1 Bg7 33. Kf1 Nf3 34. Ne2 Kf5 35. Kg2 Re8 36. Ng1 Ke4 37. Nxf3 gxf3+ 38. Kh3 Rh8+ 39. Kg4 f5+ 40. Kg5 Bh6+ 41. Kg6 Bxe3 42. Re1 f4 43. gxf4 Kxf4 44. Rxe3 Rh2 0-1

[Event "2nd Namma Bengaluru Open-A 2025"]
[Site "Bengaluru"]
[Date "2025.04.17"]
[Round "9.30"]
[White "John Veny Akkarakaran"]
[Black "Anadkat Kartavya"]
[Result "1-0"]
[Annotator "RC"]
[ECO "C83"]
[WhiteElo "2350"]
[BlackElo "2187"]
[PlyCount "71"]
[EventDate "2025.04.10"]
[EventType "swiss"]
[EventCountry "IND"]
[SourceTitle "playchess.com"]
[Source "ChessBase"]
[SourceQuality "1"]
[TimeControl "5400+30"]

1. e4 e5 2. Nf3 Nc6 3. Bb5 a6 4. Ba4 Nf6 5. O-O Nxe4 6. d4 b5 7. Bb3 d5 8. dxe5 Be6 9. Qe2 Be7 10. c3 Nc5 11. Bc2 d4 12. cxd4 Nxd4 13. Nxd4 Qxd4 14. Rd1 Qc4 15. Nc3 Qxe2 16. Nxe2 O-O 17. Be3 Rfd8 18. Nd4 Bd5 19. Nf5 Bf8 20. f3 Ne6 21. Kf2 c5 22. Rd2 g6 23. Nd6 Bxd6 24. exd6 Bc6 25. g4 Kf8 26. f4 Rac8 27. Re1 Bb7 28. d7 Ra8 29. Rd6 Nd4 30. Bxd4 cxd4 31. f5 Ra7 32. f6 a5 33. a4 Ra6 34. Rxa6 Bxa6 35. Re7 b4 36. Bb3 1-0